 Dungeon Crawl Stone Soup version 0.26.1-16-g4e020e15dc (webtiles) character file.

Game seed: 8576464935984193039

598 Twinkles the Vandal (level 7, -3/47 HPs)
             Began as a Halfling Arcane Marksman on Mar 12, 2023.
             Was an Initiate of Gozag.
             Hit by a stone thrown by an orc warrior (16 damage)
             ... on level 4 of the Dungeon.
             The game lasted 00:16:06 (6018 turns).

Twinkles the Vandal (Halfling Arcane Marksman)      Turns: 6018, Time: 00:16:07

Health: -3/47      AC:  3    Str: 13    XL:     7   Next: 68%
Magic:  8/8        EV: 17    Int: 11    God:    Gozag
Gold:   234        SH:  0    Dex: 15    Spells: 8/8 levels left

rFire    . . .     SeeInvis .   b - +2 dagger (venom)
rCold    . . .     Faith    .   (shield restricted)
rNeg     . . .     Spirit   .   n - +0 leather armour
rPois    .         Reflect  .   (no helmet)
rElec    .         Harm     .   (no cloak)
rCorr    .         Rampage  .   (no gloves)
Will     .....                  (no boots)
Stlth    ++........             (no amulet)
HPRegen  0.15/turn              (no ring)
MPRegen  0.11/turn              (no ring)

@: gold aura
A: small, mutation resistance 1
a: Renounce Religion, Potion Petition, Call Merchant, Bribe Branch


You were on level 4 of the Dungeon.
You worshipped Gozag.
Gozag was aware of your devotion.
You visited 2 branches of the dungeon, and saw 5 of its levels.

You collected 358 gold pieces.
You paid 124 gold pieces to Gozag.

Inventory:

Hand Weapons
 a - a +0 hunting sling
 b - a +2 dagger of venom (weapon)
 l - a +0 whip
 p - a +0 short sword of electrocution
Missiles
 d - 49 sling bullets
 g - 22 stones
 r - a throwing net (quivered)
Armour
 e - a +0 robe
 n - a +0 leather armour (worn)
Scrolls
 c - a scroll of fog {unknown}
 f - 3 scrolls of identify
 h - a scroll of enchant armour {unknown}
 i - a scroll of amnesia
 j - a scroll of immolation {unknown}
 k - a scroll of enchant weapon {unknown}
 o - a scroll of remove curse {unknown}
 q - a scroll of fear {unknown}
 s - a scroll of teleportation
 u - a scroll of magic mapping {unknown}
 y - a scroll of noise {unknown}
Potions
 m - a potion of curing
 t - a potion of heal wounds
 v - 2 potions of haste {unknown}
 w - a potion of cancellation {unknown}
 x - a potion of flight {unknown}


   Skills:
 + Level 3.8 Fighting
 + Level 6.6 Slings
 + Level 5.1 Dodging
 + Level 2.5 Stealth
 - Level 1.0 Spellcasting
 - Level 2.4 Hexes


You had 8 spell levels left.
You didn't know any spells.
Your spell library contained the following spells:

 Spells                   Type           Power        Failure   Level
 Corona                   Hex            5%           16%         1
 Slow                     Hex            5%           24%         2
 Inner Flame              Hex/Fire       3%           58%         3
 Portal Projectile        Hex/Tloc       6%           58%         3
 Cause Fear               Hex            2%           83%         4
 Leda's Liquefaction      Hex/Erth       1%           94%         4


Dungeon Overview and Level Annotations

Branches:
Dungeon (4/15)             Temple (1/1) D:4

Altars:
Ashenzari
Cheibriados
Dithmenos
Elyvilon
Gozag
Hepliaklqana
Makhleb
Nemelex Xobeh
Qazlal
Ru
Sif Muna
Trog
Uskayaw
Wu Jian
Xom
Yredelemnul
Zin
The Shining One


Innate Abilities, Weirdness & Mutations

You are small and have problems with some larger weapons.
You are somewhat resistant to further mutation.


Message History

The orc wizard is heavily wounded.
Fire: 50 sling bullets
Press: ? - help, Q - select action, (/) - cycle Shift-Dir - straight line, f/p - orc warrior
Aim: an orc warrior, wielding a +0 long sword, wearing a +0 plate armour and quivering 17 stones (severely wounded, 63% to hit)
You shoot a sling bullet. The sling bullet hits the orc wizard!
The orc wizard is almost dead.
Fire: 49 sling bullets
Press: ? - help, Q - select action, (/) - cycle Shift-Dir - straight line, p - orc warrior
Okay, then.
Unknown command.
Your +2 dagger of venom begins to drip with poison!
b - a +2 dagger of venom (weapon)
The orc warrior throws a stone.
The stone hits you!
You hit the orc wizard.
You kill the orc wizard!
The orc warrior throws a stone.
The stone hits you!
* * * LOW HITPOINT WARNING * * *
The orc warrior throws a stone.
The stone hits you!
You die...
Your body crumbles into a pile of gold.

###.. ####.(.#
......# $ ##.?...##
.. #((.....## ..
....##.?.(....###.#.
......$.(......#....
#$$.# ......
##$@$###.......
###$.$.#....# ...
..oo........##....
(((.#...#.....#...#.
(.#.##..#...........
. # ##.##...........
...###.........$
...#............
..#..............


You could see an orc warrior and an orc.

Vanquished Creatures
  An ogre (D:3)
  5 orc wizards
  2 orc priests
  A hound (D:3)
  Jessica (D:3)
  A worker ant (D:3)
  A hound skeleton (D:4)
  4 gnolls (D:3)
  8 adders
  An ooze (D:1)
  2 dart slugs (D:1)
  2 worms
  3 leopard geckos (D:3)
  16 orcs
  5 bats
  3 giant cockroaches
  11 goblins
  7 hobgoblins
  13 kobolds
  2 quokkas
  2 ball pythons
  3 frilled lizards
  5 rats (D:1)
99 creatures vanquished.

Notes
Turn   | Place    | Note
-------+----------+-------------------------------------------
     0 | D:1      | Twinkles the Halfling Arcane Marksman began the quest for
                  | the Orb.
     0 | D:1      | Reached XP level 1. HP: 12/12 MP: 2/2
    46 | D:1      | Reached skill level 1 in Fighting
    87 | D:1      | Reached XP level 2. HP: 14/18 MP: 3/3
   308 | D:1      | Reached XP level 3. HP: 23/23 MP: 4/4
   885 | D:2      | Reached skill level 4 in Slings
  1109 | D:2      | HP: 5/24 [adder (5)]
  1112 | D:2      | HP: 2/24 [poisoned by an adder]
  1119 | D:2      | Reached XP level 4. HP: 23/29 MP: 5/5
  1481 | D:2      | Found a basalt altar of Yredelemnul.
  1776 | D:2      | Found a faded altar of an unknown god.
  2439 | D:3      | Noticed an ogre
  2666 | D:3      | Noticed Jessica
  2677 | D:3      | Killed Jessica
  2678 | D:3      | Reached XP level 5. HP: 35/35 MP: 4/6
  2975 | D:3      | Reached skill level 5 in Slings
  3037 | D:3      | HP: 7/35 [orc priest/divine providence (11)]
  3330 | D:2      | Reached XP level 6. HP: 28/41 MP: 7/7
  3632 | D:3      | Found a stormy altar of Qazlal.
  4289 | D:3      | Reached skill level 1 in Stealth
  4421 | D:3      | Killed an ogre
  4422 | D:3      | Reached skill level 6 in Slings
  4422 | D:3      | Reached XP level 7. HP: 46/46 MP: 8/8
  4936 | D:4      | Found a staircase to the Ecumenical Temple.
  4961 | Temple   | Entered the Ecumenical Temple
  5154 | Temple   | Became a worshipper of Gozag Ym Sagoz the Greedy
  5459 | D:3      | Reached skill level 5 in Dodging
  6017 | D:4      | HP: 13/47 [orc warrior/stone (8)]
  6018 | D:4      | Hit by a stone thrown by an orc warrior

Illustrated notes

Levels and vault maps discovered:
D:1:      minmay_arrival_solitary_statue, layout_rooms, serial_glass,
          glass_columns_c, glass_columns_a
D:2:      layout_basic, nicolae_overflow_hidden_temple, serial_corexii_hall,
          chequers_hall_statues_wall_a, chequers_hall_statues_y,
          chequers_ecumenical_altar_twisty
D:3:      layout_basic, old_standard_altar, uniq_jessica
D:4:      layout_cave_pools, minitemple, minmay_temple_entry_glass
Temple:   eino_temple_rhombus

Skill      XL: |  1  2  3  4  5  6  7 |
---------------+----------------------+-----
Fighting       | 1 2 3 |  3.8
Dodging        | 3 4 5 |  5.1
Slings         | 4 5 6 |  6.6
Stealth        | 1 2 |  2.5
Spellcasting   | |  1.0
Hexes          | |  2.4

Action                   |  1- 3 |  4- 6 |  7- 9 || total
-------------------------+-------+-------+-------++-------
Melee: Short sword       |    15 |       |       ||    15
       Dagger            |       |    49 |    51 ||   100
 Fire: Hunting sling     |    87 |   171 |    76 ||   334
  Use: Potion            |     1 |       |       ||     1
       Scroll            |       |       |     3 ||     3
Armor: Leather armour    |     4 |    10 |     6 ||    20
       Robe              |     1 |       |       ||     1
Dodge: Dodged            |    31 |    56 |    57 ||   144
